AoeStats
← CazadorGT

Arabia

509183855Analyzed
4v4 RM · 7d ago on Sep 25, 2026· 11m 9s· 8 players
Game mode
Random Map
Map size
Large (8 player)
Population
200
Speed
Normal
Resources
Standard
Victory
Conquest
Starting age
Dark Age
Ending age
Imperial Age
RankedLock teamsTeams togetherTeam positionsShared explorationLock speedFull tech treeHidden civsTurbo modeCheats
Victory
Defeat
🇬🇹 Khmer · Guatemala
1351
+11
🇨🇴 Persians · Colombia
1303
+12
🇬🇹 Maya · Guatemala
1144
+19
🇮🇹 Celts · Italy
1059
+22
🇵🇪 Persians · Peru
1240
-17
🇦🇷 Portuguese · Argentina
1221
-16
🇩🇪 Mongols · Germany
1211
-16
🇨🇦 Varangians · Canada
1186
-15
eward17
9:17 Feudal Age
7:35 Loom
szedler
7:22 Loom
9:40 Feudal Age
Mknolix
5:24 Loom
10:40 Feudal Age
El Botascha 2.0
2:55 Loom
11:03 Feudal Age
Balam
5:51 Loom
8:30 Feudal Age
9:04 Double-Bit Axe
CazadorGT
0:32 Loom
9:13 Feudal Age
Juan_DavidMLL
6:02 Loom
8:53 Feudal Age
9:41 Double-Bit Axe
verbumdei76
2:00 Loom
11:15 Feudal Age
Connection lost

Rejoining the realm…

Still unreachable

The connection could not be restored.

Session expired

The server has moved on; the page needs a fresh start.